 Dungeon Crawl Stone Soup version 0.17-a0-2148-g9c1f372 (webtiles) character file.

2652 Geeful the Ruffian (level 9, -6/89 HPs)
             Began as a Troll Monk on Oct 24, 2015.
             Mangled by Geeful's ghost (20 damage)
             ... on level 6 of the Dungeon.
             The game lasted 00:14:35 (4849 turns).

Geeful the Ruffian (Troll Monk)                     Turns: 4849, Time: 00:14:35

Health: -6/89      AC:  6    Str: 21    XL:     9   Next: 36%
Magic:  8/8        EV: 13    Int:  6    God:
Gold:   289        SH:  0    Dex: 15    Spells: 0 memorised, 8 levels left

rFire  . . .     SeeInvis .       - Unarmed
rCold  . . .     Clarity  .     a - +0 robe
rNeg   . . .     SustAt   .     (no shield)
rPois  .         Gourm    +     (helmet restricted)
rElec  .         Spirit   .     e - +0 cloak
rCorr  .         Warding  .     (gloves unavailable)
rMut   .         Stasis   .     (boots unavailable)
MR     .....                    (no amulet)
Stlth  ++........               (no ring)
                                (no ring)

@: not resistant to hostile enchantments, unstealthy
A: unfitting armour, claws 3, fast metabolism 3, gourmand, regeneration 2,
shaggy fur 1, tough skin 2
a: no special abilities


You were on level 6 of the Dungeon.
You were very full.

You visited 2 branches of the dungeon, and saw 7 of its levels.

You collected 289 gold pieces.

Inventory:

Missiles
 f - 11 curare-tipped needles
 k - 64 poisoned needles
 n - 6 javelins (quivered)
Armour
 a - a +0 robe (worn)
 e - a +0 cloak (worn)
Jewellery
 i - an uncursed ring of wizardry
Wands
 j - a wand of lightning (0)
Scrolls
 h - 3 scrolls of identify
Potions
 d - 3 potions of curing
Comestibles
 b - 5 bread rations
 c - 5 meat rations
 g - 4 chunks of flesh
 m - 2 fruits
 p - a royal jelly


   Skills:
 + Level 5.9 Fighting
 + Level 5.7 Throwing
 + Level 5.8 Dodging
 - Level 1.1 Stealth
 + Level 7.6 Unarmed Combat


You had 8 spell levels left.
You didn't know any spells.

Dungeon Overview and Level Annotations

Branches:
Dungeon (6/15)             Temple (1/1) D:5

Altars:
Ashenzari
Cheibriados
Dithmenos
Elyvilon
Gozag
Kikubaaqudgha
Makhleb
Nemelex Xobeh
Okawaru
Qazlal
Ru
Sif Muna
Trog
Vehumet
Xom
Yredelemnul
Zin
The Shining One

Annotations:
D:6 Geeful's ghost, novice TrMo


Innate Abilities, Weirdness & Mutations

You are too large for most types of armour.
You have claws for hands.
Your metabolism is lightning-fast.
You like to eat raw meat.
You heal very quickly.
You are covered in fur (AC +1).
You have very tough skin (AC +2).


Message History

Geeful's ghost hits you!
You closely miss Geeful's ghost.
Geeful's ghost is heavily damaged.
Geeful's ghost closely misses you.
You scratch Geeful's ghost.
Geeful's ghost is heavily damaged.
You scratch Geeful's ghost.
Geeful's ghost is severely damaged.
Geeful's ghost says very slowly, "There's no hope."
Geeful's ghost hits you!!
* * * LOW HITPOINT WARNING * * *
Drink which item? (? for menu, Esc to quit)
You feel better. Geeful's ghost hits you.
* * * LOW HITPOINT WARNING * * *
Drink which item? (? for menu, Esc to quit)
You feel better. Geeful's ghost hits you!!
* * * LOW HITPOINT WARNING * * *
Drink which item? (? for menu, Esc to quit)
You feel better. Geeful's ghost hits you!!
You die...

#.........###.#
#.###.........### ..#
#..)....W...#
#.###)....#####.#
#.....#.### #.###
###.###.# #...#
....###.#######...###
######.....##...W...###
#..........@.....#
#...####.......#.#
#.### ###...### # #.#
#...# #.# #..## #.#
##.# #.# #.# #.# #.#
###.# #######.#


You could see Geeful's ghost.

Vanquished Creatures
  The ghost of tetracat the Ruffian, a novice NaTm (D:4)
  Pikel (D:5)
  The ghost of tetracat the Ruffian, an amateur NaTm (D:5)
  Grinder (D:5)
  Menkaure (D:4)
  2 slaves (D:5)
  Purgy (D:4)
  2 centaurs
  A phantom (D:5)
  An ogre (D:4)
  Blork the orc (D:6)
  2 giant frogs
  A scorpion (D:6)
  2 orc wizards (D:6)
  3 orc priests
  A centaur skeleton (D:4)
  A hound (D:6)
  2 iguanas (D:5)
  2 worker ants
  A hound skeleton (D:5)
  7 adders
  A shadow imp (D:5)
  3 oozes
  2 adder skeletons (D:4)
  2 worms (D:3)
  5 giant geckos
  7 orcs
  5 giant cockroaches
  9 goblins
  12 hobgoblins
  3 jackals (D:5)
  A quokka (D:5)
  5 bats
  4 giant newts
  9 kobolds
  A quokka zombie (D:5)
  11 rats
115 creatures vanquished.

Vanquished Creatures (others)
  2 slaves (D:6)
2 creatures vanquished.

Grand Total: 117 creatures vanquished

Notes
Turn   | Place    | Note
--------------------------------------------------------------
     0 | D:1      | Geeful the Troll Monk began the quest for the Orb.
     0 | D:1      | Reached XP level 1. HP: 22/22 MP: 0/0
   198 | D:1      | Reached XP level 2. HP: 29/29 MP: 1/1
   694 | D:1      | Reached XP level 3. HP: 36/36 MP: 2/2
   830 | D:2      | Reached skill level 1 in Throwing
  1577 | D:2      | Reached XP level 4. HP: 45/45 MP: 3/3
  2555 | D:4      | Noticed Menkaure
  2566 | D:4      | Killed Menkaure
  2566 | D:4      | Reached skill level 5 in Unarmed Combat
  2566 | D:4      | Reached XP level 5. HP: 32/53 MP: 4/4
  2604 | D:4      | Noticed an ogre
  2610 | D:4      | Killed an ogre
  2610 | D:4      | Reached XP level 6. HP: 61/61 MP: 5/5
  2898 | D:4      | Noticed tetracat's ghost (novice NaTm)
  2927 | D:4      | Killed tetracat's ghost
  2927 | D:4      | Reached skill level 6 in Unarmed Combat
  2927 | D:4      | Reached XP level 7. HP: 69/71 MP: 6/6
  3038 | D:4      | Noticed Purgy
  3068 | D:4      | Killed Purgy
  3092 | D:4      | Noticed a moth of wrath
  3095 | D:4      | Found a bloodstained altar of Trog.
  3335 | D:4      | Reached XP level 8. HP: 74/79 MP: 7/7
  3455 | D:5      | Entered Level 5 of the Dungeon
  3590 | D:5      | Noticed tetracat's ghost (amateur NaTm)
  3612 | D:5      | Killed tetracat's ghost
  3756 | D:5      | Reached skill level 5 in Fighting
  3906 | D:5      | Found a staircase to the Ecumenical Temple.
  3915 | Temple   | Entered the Ecumenical Temple
  3965 | D:5      | Noticed Grinder
  3967 | D:5      | Paralysed by Grinder for 7 turns
  3987 | D:5      | Killed Grinder
  3987 | D:5      | Reached skill level 5 in Dodging
  4189 | D:5      | Reached skill level 5 in Throwing
  4189 | D:5      | Reached skill level 7 in Unarmed Combat
  4221 | D:5      | Found an opulent altar of Gozag.
  4221 | D:5      | Found a deep blue altar of Sif Muna.
  4293 | D:6      | Noticed Geeful's ghost (novice TrMo)
  4294 | D:6      | Noticed Blork the orc
  4449 | D:6      | Noticed Pikel
  4491 | D:5      | Killed Pikel
  4491 | D:5      | Reached XP level 9. HP: 77/89 MP: 8/8
  4681 | D:6      | Killed Blork the orc
  4849 | D:6      | Mangled by Geeful's ghost

Vault maps used:
D:1:      wheals_arrival_linesprint, st_stairs_11, serial_bayou_pond_d,
          grunt_decor_mini_mirrors
D:2:      wad_lake_hut
D:3:      first_bread
D:4:      tgw_trog, minmay_misc_feat_tower, nicolae_underground_beach,
          uniq_purgy, uniq_menkaure
D:5:      gammafunk_temple_overflow_wave, temple_statues, uniq_grinder
D:6:      uniq_pikel, uniq_blork_the_orc
Temple:   nicolae_temple_no_exploring_needed

Action                   |  1- 3 |  4- 6 |  7- 9 || total
-------------------------+-------+-------+-------++-------
Melee: Unarmed           |    98 |    85 |   182 ||   365
Evoke: Wand              |       |    12 |     3 ||    15
  Use: Potion            |     4 |     1 |     9 ||    14
       Scroll            |       |     7 |       ||     7
 Stab: Sleeping          |     2 |     2 |     2 ||     6
  Eat: Chunk             |    19 |    13 |    18 ||    50
